 Dungeon Crawl Stone Soup version 0.29.1-1-gd02db69 (webtiles) character file.

Game seed: 18357696304530755279

13 bonegar the Sneak (level 2, 0/22 HPs)
             Began as a Naga Enchanter on Mar 15, 2023.
             Slain by a dart slug (3 damage)
             ... on level 1 of the Dungeon.
             The game lasted 00:03:17 (685 turns).

bonegar the Sneak (Naga Enchanter)                   Turns: 685, Time: 00:03:18

Health: 0/22       AC:  1    Str: 16    XL:     2   Next: 37%
Magic:  5/5        EV:  9    Int: 15    God:
Gold:   41         SH:  0    Dex: 11    Spells: 3/5 levels left

rFire   . . .      SeeInvis +   a - +1 dagger
rCold   . . .      Faith    .   (no shield)
rNeg    . . .      Spirit   .   b - +0 robe
rPois   +          Reflect  .   (no helmet)
rElec   .          Harm     .   (no cloak)
rCorr   .          Rampage  .   (no gloves)
Will    .....                   (no barding)
Stlth   +++.......              (no amulet)
HPRegen 0.07/turn               f - +6 ring of strength
MPRegen 0.09/turn               (no ring)

@: very slow
A: AC +0, large, see invisible, deformed body, poison resistance, slowness 2,
spit poison 1, naga tail 1
a: Spit Poison


You were on level 1 of the Dungeon.
You visited 1 branch of the dungeon, and saw 1 of its levels.

You collected 41 gold pieces.

Inventory:

Hand Weapons
 a - a +1 dagger (weapon)
Armour
 b - a +0 robe (worn)
Jewellery
 f - a +6 ring of strength (left hand)
Scrolls
 d - a scroll of identify {unknown}
Potions
 c - 2 potions of invisibility
 e - a potion of mutation {unknown}


   Skills:
 + Level 0.2 Fighting
 + Level 1.2 Short Blades
 + Level 1.6 Dodging
 + Level 4.6 Stealth
 + Level 2.1 Spellcasting
 + Level 3.2 Hexes


You had 3 spell levels left.
You knew the following spells:

 Your Spells              Type           Power      Damage    Failure   Level
a - Ensorcelled Hibernat  Hex/Ice        12%        N/A       17%         2

Your spell library contained the following spells:

 Spells                   Type           Power      Damage    Failure   Level
 Confusing Touch          Hex            11%        N/A       17%         3
 Tukima's Dance           Hex            11%        N/A       17%         3
 Necrotise                Necr           4%         1d4       22%         1
 Dazzling Flash           Conj/Hex       12%        N/A       34%         3
 Vampiric Draining        Necr           1%         2d6       54%         3
 Agony                    Necr           1%         N/A       99%         5


Dungeon Overview and Level Annotations

Branches:
Dungeon (1/15)

Altars:


Innate Abilities, Weirdness & Mutations

Your serpentine skin is tough. (AC +0)
You have supernaturally acute eyesight. (SInv)
Armour fits poorly on your strangely shaped body.
Your system is resistant to poisons. (rPois)
You cover ground very slowly.
You can spit poison.
You have a snake-like lower body.


Message History

You finish memorising.
Spell assigned to 'a'.
You start resting.
HP restored.
You pick up a book of Necromancy and begin reading...
You add the spells Necrotise, Vampiric Draining and Agony to your library.
A goblin comes into view. It is wielding a +0 dagger.
The helpless goblin fails to defend itself.
You puncture the goblin!
You kill the goblin!
Things that are here:
a +0 dagger; a goblin corpse
Found 2 stones.
A goblin comes into view. It is wielding a +0 club.
A dart slug comes into view.
The goblin shouts!
You hit the goblin.
You kill the goblin!
A quokka comes into view.
You see here a +0 club.
You barely miss the dart slug. The quokka bites you.
You hit the dart slug.
The dart slug is moderately wounded.
The dart slug bites you. The quokka bites you.
You hit the dart slug.
The dart slug is severely wounded.
The quokka bites you. The dart slug bites you.
You barely miss the dart slug.
The dart slug is severely wounded.
The quokka misses you.
You hit the dart slug.
The dart slug is almost dead.
The quokka bites you. The dart slug launches a dart at you.
The slug dart hits you.
You hit the dart slug.
The dart slug is almost dead.
The quokka bites you.
* * * LOW HITPOINT WARNING * * *
The dart slug bites you.
You die...

####...####.#
##.#####..#
............# #..#
#...#..#
##########..# #..#
#.<.#..# #######
...##..# #...#..#
......# #..#..#
###^##'##..#
.####..
..................#
.###
#.#..##+##.#####..#
...# #.#rw# # #.##
##.# #.#.@# #.#
##.####### #...)#
#.# .........#
##...#####.## #.#
.##.###.##
#.#.....(... ..#
.##.# #.#
#.#...###### ###
###>.##.# #...###
####..#.# #..##
..###...# #).#
#>.##..##
##.#########


You could see a dart slug and a quokka.

Vanquished Creatures
  A bat (D:1)
  A giant cockroach (D:1)
  2 goblins (D:1)
  4 hobgoblins (D:1)
  A kobold (D:1)
  2 rats (D:1)
11 creatures vanquished.

Notes
Turn   | Place    | Note
-------+----------+-------------------------------------------
     0 | D:1      | bonegar the Naga Enchanter began the quest for the Orb.
     0 | D:1      | Reached XP level 1. HP: 15/15 MP: 3/3
   421 | D:1      | Reached XP level 2. HP: 14/22 MP: 5/5
   549 | D:1      | Learned a level 2 spell: Ensorcelled Hibernation
   685 | D:1      | Slain by a dart slug

Illustrated notes

Levels and vault maps discovered:
D:1:      minmay_arrival_four_houses, layout_rooms

Action                   || total
-------------------------++-------
Melee: Dagger            ||    44
 Stab: Sleeping          ||     3
Armor: Robe              ||     6
Dodge: Dodged            ||    24
